 Dungeon Crawl Stone Soup version 0.30-a0-777-ga9a30cbeda (webtiles) character file.

Game seed: 2701567704828984309

68 bande the Trooper (level 4, -4/29 HPs)
             Began as a Gargoyle Fighter on Feb 14, 2023.
             Killed from afar by an orc wizard (9 damage)
             ... with a magic dart
             ... on level 3 of the Dungeon.
             The game lasted 00:01:42 (1693 turns).

bande the Trooper (Gargoyle Fighter)                Turns: 1693, Time: 00:01:43

Health: -4/29      AC: 10    Str: 19    XL:     4   Next: 19%
Magic:  4/4        EV:  9    Int:  9    God:
Gold:   47         SH:  4    Dex: 11    Spells: 3/3 levels left

rFire   . . .      SeeInvis .    a - +0 war axe
rCold   . . .      Faith    .    c - +0 buckler
rNeg    + . .      Spirit   .    b - +0 scale mail
rPois   ∞          Reflect  .    (no helmet)
rElec   +          Harm     .    (no cloak)
rCorr   .          Rampage  .    (no gloves)
Will    .....                    (no boots) Stlth
                                 (no amulet)
HPRegen 0.24/turn                (no ring)
MPRegen 0.09/turn                (no ring)

@: no status effects
A: sickness immunity, AC +3, negative energy resistance 1, electricity
resistance, torment resistance 1, petrification resistance
a: no special abilities


You were on level 3 of the Dungeon.
You visited 1 branch of the dungeon, and saw 3 of its levels.

You collected 47 gold pieces.

Inventory:

Hand Weapons
 a - a +0 war axe (weapon)
Armour
 b - a +0 scale mail (worn)
 c - a +0 buckler (worn)
Jewellery
 l - an amulet of the acrobat
Scrolls
 e - a scroll of torment {unknown}
 g - a scroll of butterflies {unknown}
 h - a scroll of teleportation {unknown}
 k - 6 scrolls of identify {unknown}
Potions
 d - 3 potions of might
 f - a potion of curing {unknown}
 i - 2 potions of haste {unknown}
 j - a potion of degeneration {unknown}
 m - 2 potions of heal wounds {unknown}
 n - a potion of flight {unknown}


   Skills:
 + Level 3.9 Fighting
 + Level 2.6 Axes
 + Level 3.9 Armour
 + Level 3.7 Shields


You had 3 spell levels left.
You didn't know any spells.
Your spell library contained the following spells:

 Spells                   Type           Power      Damage    Failure   Level
 Ensorcelled Hibernation  Hex/Ice        0%         N/A       93%         2
 Passwall                 Tmut/Erth      0%         N/A       93%         2
 Swiftness                Air            0%         N/A       99%         3
 Petrify                  Tmut/Erth      0%         N/A       100%        4
 Irradiate                Conj/Tmut      0%         3d11      100%        5
 Sublimation of Blood     Necr           Unusable   N/A       N/A         2

Dungeon Overview and Level Annotations

Branches:
Dungeon (3/15)

Altars:

Annotations:
D:3 Terence


Innate Abilities, Weirdness & Mutations

You are immune to sickness and miasma.
Your stone body is resilient. (AC +3)
You are immune to poison.
You resist negative energy. (rN+)
You are resistant to electric shocks. (rElec)
You are resistant to unholy torment.
You are immune to petrification.


Message History

The puff of flame hits you!
An orc comes into view. It is wielding a +0 dagger.
The orc wizard barely misses you. Terence hits you with a +0 mace.
* * * LOW HITPOINT WARNING * * *
The orc moves out of view.
Unknown command.
You're too confused to move!
Terence closely misses you.
You're too confused to move!
The orc wizard barely misses you. The orc closely misses you.
Terence hits you but does no damage.
Unknown command.
You closely miss the orc. You hit the orc wizard. You miss Terence.
Terence hits you with a +0 mace.
* * * LOW HITPOINT WARNING * * *
The orc wizard hits you with a +0 dagger.
* * * LOW HITPOINT WARNING * * *
The orc closely misses you.
Unknown command.
You bump into the rock wall.
Terence closely misses you.
The orc wizard hits you but does no damage.
The orc hits you but does no damage.
Unknown command.
You bump into the rock wall.
You feel less confused. Terence hits you but does no damage.
The orc wizard hits you with a +0 dagger.
* * * LOW HITPOINT WARNING * * *
The orc hits you but does no damage.
Unknown command.
You slash the orc!
You kill the orc!
You closely miss the orc wizard. You hit Terence. Terence barely misses you.
The orc wizard hits you with a +0 dagger.
* * * LOW HITPOINT WARNING * * *
Unknown command.
You hit the orc wizard but do no damage.
The orc wizard is heavily wounded.
You completely miss Terence. You block Terence's attack.
The orc wizard gestures at you while chanting.
The magic dart hits you!
You die...

... #.#.####
#.#....#
#.#....# #
#.#....#+
#.###.+.....
#)...<#... .
###..##o###....
#....@)......
#.###@##.....
... ..# ##.
###. ....
#.....##
#....## #....
#....


You could see Terence and an orc wizard.

Vanquished Creatures
  2 adders
  A worm (D:2)
  2 dart slugs (D:1)
  5 orcs (D:3)
  4 ball pythons
  2 bats (D:2)
  An endoplasm (D:1)
  2 giant cockroaches
  3 goblins (D:1)
  2 hobgoblins (D:1)
  2 quokkas (D:2)
  A frilled lizard (D:1)
  6 kobolds
  2 rats
35 creatures vanquished.

Notes
Turn   | Place    | Note
-------+----------+-------------------------------------------
     0 | D:1      | bande the Gargoyle Fighter began the quest for the Orb.
     0 | D:1      | Reached XP level 1. HP: 14/14 MP: 1/1
   293 | D:1      | Reached XP level 2. HP: 16/19 MP: 2/2
   510 | D:1      | Found a faded altar of an unknown god.
   902 | D:1      | Reached XP level 3. HP: 24/24 MP: 3/3
  1673 | D:3      | Noticed Terence
  1684 | D:3      | Reached XP level 4. HP: 16/29 MP: 4/4
  1693 | D:3      | Killed from afar by an orc wizard

Illustrated notes

Levels and vault maps discovered:
D:1:      dpeg_cavernosity, layout_basic, shapermc_ecumenical_altar_hornbeckon,
          chequers_mini_garden
D:2:      layout_loops_ring, minmay_misc_feat_five
D:3:      layout_basic, serial_shops, nicolae_shop_window_shopping, uniq_terence

Skill      XL: |  1  2 |
---------------+-------+-----
Axes           | 2 |  2.6
Fighting       | |  3.9
Armour         | |  3.9
Shields        | |  3.7

Action                     |  1- 3 |  4- 6 || total
---------------------------+-------+-------++-------
  Melee: War axe           |    92 |     6 ||    98
 Armour: Scale mail        |    61 |     5 ||    66
  Dodge: Dodged            |    46 |     9 ||    55
  Block: Buckler           |    20 |     1 ||    21

Table legend: (Time is in decaauts)
 A = Elapsed time spent in this place.
 B = Non-inter-level travel time spent in this place.
 C = Inter-level travel time spent in this place.
 D = Time resting spent in this place.
 E = Time spent auto-exploring this place.
 F = Levels seen in this place.
 G = Mean time per level.
                   A        B        C        D        E       F      G
               +--------+--------+--------+--------+--------+-----+--------+
         Total |   1743 |   1701 |     42 |      0 |   1403 |   3 |  581.0 |
       Dungeon |   1743 |   1701 |     42 |      0 |   1403 |   3 |  581.0 |
               +--------+--------+--------+--------+--------+-----+--------+

Top non-repeatable levels by time:
     D:1: 1124 daAuts
     D:2: 588 daAuts
     D:3: 30 daAuts
